[Event "TOP 12 Feminin 2023 Phase 1"]
[Site "MULHOUSE, France"]
[Date "2023.05.20"]
[Round "4.16"]
[White "NEUHAUSER, Salome"]
[Black "STOLL, Lucia"]
[Result "0-1"]
[ECO "C28"]
[WhiteElo "2077"]
[BlackElo "1948"]
[PlyCount "96"]
[EventDate "2023.??.??"]
[WhiteTeam "Mulhouse"]
[BlackTeam "Vandoeuvre"]
[TimeControl "90+30"]

1. e4 {3} e5 {5} 2. Bc4 {4} Nf6 {12} 3. Nc3 {24} Nc6 {28} 4. d3 {19} Na5 {40}
5. Nge2 {104} c6 {132} 6. Bg5 {326} h6 {88} 7. Bh4 {28} Be7 {65} 8. Bg3 {77} d6
{64} 9. O-O {113} Nh5 {369} 10. Bxf7+ {2924} Kxf7 {26} 11. f4 {425} Nxg3 {495}
12. Nxg3 {10} Kg8 {455} 13. Qh5 {213} Bf6 {81} 14. Qg6 {322} Bd7 {949} 15. Nh5
{22} b5 {736} 16. fxe5 {37} Bxe5 {13} 17. Nxg7 {1204} Bxg7 {184} 18. e5 {6} Qe8
{297} 19. Qxd6 {65} Nb7 {65} 20. Qc7 {37} Qc8 {24} 21. Qxc8+ {26} Rxc8 {7} 22.
Rae1 {10} Re8 {28} 23. d4 {8} c5 {39} 24. Nd5 {81} cxd4 {79} 25. Nf6+ {24} Bxf6
{6} 26. Rxf6 {23} Re6 {349} 27. Rf4 {5} Kg7 {49} 28. Rxd4 {22} Bc6 {31} 29. Re3
{57} Rhe8 {61} 30. Rc3 {25} Rg6 {51} 31. g3 {21} Rxe5 {17} 32. Rf4 {60} Re2 {60
} 33. Kf1 {56} Rxh2 {32} 34. b3 {6} Rd6 {55} 35. Ke1 {22} Rh1+ {95} 36. Ke2 {11
} Nd8 {72} 37. a4 {7} bxa4 {46} 38. bxa4 {1} Re6+ {63} 39. Kd2 {17} Rd6+ {61}
40. Ke2 {6} Ne6 {3} 41. Rb4 {62} a5 {47} 42. Rb8 {43} Bxa4 {39} 43. Rcc8 {18}
Bxc2 {50} 44. Ke3 {60} Rd3+ {92} 45. Ke4 {41} Re1+ {88} 46. Kf5 {8} Rd5+ {25}
47. Kg4 {8} Bd1+ {9} 48. Kh3 {9} Ng5+ {18} 0-1

[Event "TOP 12 Feminin 2023 Phase 1"]
[Site "MULHOUSE, France"]
[Date "2023.05.20"]
[Round "4.18"]
[White "AFRAOUI, Anaelle"]
[Black "BELENKAYA, Dina"]
[Result "0-1"]
[ECO "B19"]
[WhiteElo "2118"]
[BlackElo "2295"]
[PlyCount "106"]
[EventDate "2023.??.??"]
[WhiteTeam "Juvisy sur Orge"]
[BlackTeam "Monaco"]
[TimeControl "90+30"]

1. e4 {3} c6 {211} 2. d4 {11} d5 {6} 3. Nc3 {5} dxe4 {27} 4. Nxe4 {8} Bf5 {42}
5. Ng3 {13} Bg6 {7} 6. h4 {22} h6 {12} 7. Nf3 {13} e6 {35} 8. Ne5 {151} Bh7 {15
} 9. Bf4 {287} Nd7 {270} 10. Bd3 {69} Bxd3 {86} 11. Qxd3 {14} Qa5+ {593} 12. c3
{138} Nxe5 {55} 13. Bxe5 {27} O-O-O {40} 14. Qe2 {776} Ne7 {353} 15. O-O {531}
Ng6 {640} 16. h5 {449} Nxe5 {60} 17. dxe5 {8} Rd5 {83} 18. b4 {162} Qc7 {122}
19. Rfe1 {204} Be7 {254} 20. Qe3 {297} c5 {167} 21. c4 {396} Rd4 {516} 22. bxc5
{511} Bxc5 {148} 23. Ne4 {38} Qxe5 {683} 24. Qf3 {206} Rd7 {137} 25. Rab1 {356}
a6 {124} 26. Nc3 {529} Qf6 {321} 27. Qxf6 {176} gxf6 {2} 28. Na4 {31} Rc7 {53}
29. Rb3 {15} Rg8 {230} 30. Rf3 {302} Rg5 {203} 31. Nxc5 {173} Rgxc5 {38} 32.
Rxf6 {6} Rxh5 {11} 33. Re4 {21} Kd8 {184} 34. g4 {316} Rhc5 {102} 35. f4 {76}
Ke7 {38} 36. Rxh6 {65} Rxc4 {15} 37. Rxc4 {25} Rxc4 {3} 38. f5 {24} Rxg4+ {7}
39. Kh2 {14} Rf4 {191} 40. fxe6 {37} fxe6 {11} 41. Kg3 {5} Rb4 {38} 42. Kf3 {11
} Rb2 {31} 43. Rh4 {84} Kd6 {11} 44. Ra4 {19} Kc5 {47} 45. Ke3 {79} e5 {240}
46. Ra5+ {51} Rb5 {24} 47. Ra3 {4} Kc4 {98} 48. Ke4 {9} Rb2 {85} 49. Kxe5 {41}
Kb4 {22} 50. Rh3 {33} Rxa2 {16} 51. Rh7 {3} b5 {14} 52. Kd5 {5} Rc2 {18} 53.
Rh4+ {49} Rc4 {Kd4 [%emt 00:00:18] 28} 0-1

[Event "TOP 12 Feminin 2023 Phase 1"]
[Site "MULHOUSE, France"]
[Date "2023.05.20"]
[Round "4.19"]
[White "SKRIPCHENKO, Almira"]
[Black "AUVRAY, Honorine"]
[Result "1-0"]
[ECO "B31"]
[WhiteElo "2384"]
[BlackElo "2028"]
[PlyCount "127"]
[EventDate "2023.??.??"]
[WhiteTeam "Monaco"]
[BlackTeam "Juvisy sur Orge"]
[TimeControl "90+30"]

1. e4 {49} c5 {8} 2. Nf3 {23} Nc6 {9} 3. Bb5 {17} g6 {24} 4. O-O {22} Bg7 {9}
5. c3 {20} Nf6 {174} 6. e5 {13} Nd5 {81} 7. d4 {59} cxd4 {38} 8. cxd4 {53} O-O
{107} 9. Nc3 {780} Nxc3 {5} 10. bxc3 {37} d5 {177} 11. exd6 {128} Qxd6 {34} 12.
a4 {405} Bg4 {225} 13. h3 {361} Bxf3 {381} 14. Qxf3 {38} Qc7 {58} 15. Ba3 {313}
Na5 {1065} 16. Rfe1 {117} Bf6 {105} 17. Bb4 {63} a6 {153} 18. Bd3 {655} Rac8 {
104} 19. Rab1 {291} Nc6 {382} 20. Bc5 {120} Qa5 {840} 21. Bc2 {424} Nd8 {441}
22. Re3 {250} b5 {493} 23. axb5 {161} axb5 {6} 24. Bb3 {292} Kg7 {335} 25. Bd5
{277} Re8 {72} 26. Qe2 {22} Rb8 {91} 27. Bxe7 {403} Rxe7 {75} 28. Rxe7 {6} Qxc3
{146} 29. Re4 {370} b4 {189} 30. Qe3 {155} Rc8 {67} 31. Bb3 {288} h6 {191} 32.
Rf4 {91} Qc7 {91} 33. Re4 {114} Bg5 {45} 34. Qe1 {57} Qd6 {42} 35. d5 {21} Rc3
{68} 36. Bd1 {60} Qxd5 {29} 37. Rexb4 {7} Rd3 {44} 38. Rb5 {37} Qd7 {19} 39.
Bg4 {28} Qd6 {35} 40. Rd1 {30} Rxd1 {27} 41. Qxd1 {4} Qxd1+ {41} 42. Bxd1 {5}
Bf6 {30} 43. Bb3 {11} g5 {10} 44. Rb6 {38} Bd4 {22} 45. Rd6 {20} Bf6 {6} 46. g3
{71} Kg6 {17} 47. Rd7 {25} Kg7 {55} 48. Kg2 {6} Kg6 {19} 49. Rd6 {45} Kg7 {37}
50. Kf3 {13} Nb7 {31} 51. Rd7 {29} Nd8 {15} 52. Ke4 {44} Kg6 {13} 53. Rd6 {51}
Nb7 {19} 54. Bxf7+ {82} Kg7 {19} 55. Rb6 {6} Nc5+ {10} 56. Kf5 {43} Bd4 {44}
57. Bd5 {39} Bxf2 {14} 58. Rg6+ {13} Kh7 {50} 59. Rc6 {7} Kg7 {16} 60. Rc7+ {12
} Kf8 {6} 61. Kg6 {13} Be3 {12} 62. Bf7 {61} Bf2 {72} 63. Kxh6 {54} Bxg3 {7}
64. Rxc5 {20} 1-0

[Event "TOP 12 Feminin 2023 Phase 1"]
[Site "MULHOUSE, France"]
[Date "2023.05.20"]
[Round "4.20"]
[White "SALVADOR, Lucie"]
[Black "DORNBUSCH, Tatiana"]
[Result "0-1"]
[ECO "A22"]
[WhiteElo "1989"]
[BlackElo "2246"]
[PlyCount "78"]
[EventDate "2023.??.??"]
[WhiteTeam "Juvisy sur Orge"]
[BlackTeam "Monaco"]
[TimeControl "90+30"]

1. c4 {0} e5 {28} 2. Nc3 {22} Nf6 {97} 3. g3 {62} d5 {78} 4. cxd5 {77} Nxd5 {8}
5. Bg2 {23} Nb6 {34} 6. e3 {156} Nc6 {376} 7. Nge2 {148} Be7 {59} 8. O-O {26}
O-O {21} 9. d4 {38} exd4 {260} 10. exd4 {25} Bf5 {687} 11. Bf4 {284} Bd6 {371}
12. Rc1 {184} a6 {358} 13. d5 {782} Ne5 {146} 14. Nd4 {129} Bg4 {178} 15. Qc2 {
595} Re8 {202} 16. Ne4 {312} Nxd5 {207} 17. Ng5 {40} Nf6 {319} 18. Qb3 {307} h6
{234} 19. Bxe5 {326} hxg5 {62} 20. Bxd6 {317} Qxd6 {91} 21. Nf3 {322} Bxf3 {930
} 22. Bxf3 {77} Rab8 {13} 23. Rfd1 {166} Qe7 {35} 24. Rd3 {770} g4 {155} 25.
Bg2 {109} c6 {98} 26. h3 {507} gxh3 {50} 27. Bxh3 {2} Rbd8 {212} 28. Rdc3 {154}
Ne4 {343} 29. Re3 {63} Qf6 {35} 30. Rc2 {175} Ng5 {265} 31. Rxe8+ {118} Rxe8 {8
} 32. Kg2 {26} Qh6 {72} 33. g4 {32} Re1 {35} 34. Rd2 {30} Nxh3 {90} 35. Rd8+ {
28} Kh7 {5} 36. Qd3+ {26} g6 {55} 37. Qc3 {36} Rg1+ {74} 38. Kh2 {25} Qf4+ {37}
39. Kxh3 {19} Qh6# {7} 0-1

[Event "TOP 12 Feminin 2023 Phase 1"]
[Site "MULHOUSE, France"]
[Date "2023.05.20"]
[Round "4.21"]
[White "MATNADZE- BUJIASHVILI, Ann"]
[Black "DIEZ, Agathe"]
[Result "1-0"]
[ECO "A07"]
[WhiteElo "2393"]
[BlackElo "1902"]
[PlyCount "111"]
[EventDate "2023.??.??"]
[WhiteTeam "Grasse"]
[BlackTeam "Bordeaux"]
[TimeControl "90+30"]

1. Nf3 {4} d5 {8} 2. g3 {6} Nf6 {14} 3. Bg2 {4} Bf5 {39} 4. O-O {10} c6 {47} 5.
b3 {6} h6 {316} 6. Bb2 {6} e6 {15} 7. d3 {6} Bd6 {90} 8. Nbd2 {6} O-O {458} 9.
a4 {109} a5 {147} 10. Nd4 {104} Bg6 {164} 11. e4 {20} Nbd7 {162} 12. Qe2 {163}
Re8 {219} 13. N4f3 {272} e5 {179} 14. h3 {66} Nc5 {182} 15. Nh4 {127} Bh7 {77}
16. Rfd1 {437} Qc7 {403} 17. Nf5 {348} Bxf5 {279} 18. exf5 {33} Qd7 {116} 19.
g4 {22} e4 {349} 20. d4 {317} Na6 {12} 21. Nf1 {18} Nb4 {207} 22. Bc1 {266} Nh7
{256} 23. Be3 {71} Qe7 {266} 24. Rd2 {334} Qh4 {170} 25. f4 {202} exf3 {27} 26.
Qxf3 {0} Ng5 {158} 27. Bxg5 {5} Qxg5 {5} 28. c3 {57} Na6 {39} 29. Raa2 {470}
Re7 {118} 30. Rf2 {191} Re1 {214} 31. Rae2 {80} Re8 {31} 32. Rxe8+ {34} Rxe8 {6
} 33. Re2 {82} Nc7 {158} 34. Rxe8+ {134} Nxe8 {5} 35. Qe3 {39} Qxe3+ {250} 36.
Nxe3 {7} Nf6 {11} 37. Kf2 {46} Kf8 {58} 38. Ke2 {9} Ke7 {52} 39. Bf3 {289} Nh7
{349} 40. c4 {103} dxc4 {79} 41. bxc4 {66} Nf6 {71} 42. Kd3 {37} g6 {237} 43.
c5 {90} Bc7 {33} 44. Kc4 {52} Bf4 {102} 45. Ng2 {63} Bg3 {68} 46. fxg6 {103}
fxg6 {6} 47. d5 {529} Nxd5 {180} 48. Bxd5 {4} cxd5+ {4} 49. Kxd5 {5} Kd7 {68}
50. Ne3 {19} Be1 {63} 51. Nc4 {40} Bc3 {13} 52. Nd6 {24} Bb4 {113} 53. Nxb7 {14
} h5 {37} 54. Nd6 {60} Bd2 {68} 55. gxh5 {68} gxh5 {12} 56. Ne4 {6} 1-0

[Event "TOP 12 Feminin 2023 Phase 1"]
[Site "MULHOUSE, France"]
[Date "2023.05.20"]
[Round "4.22"]
[White "DIEZ, Ambre"]
[Black "MILLIET, Sophie"]
[Result "0-1"]
[ECO "A04"]
[WhiteElo "1966"]
[BlackElo "2385"]
[PlyCount "64"]
[EventDate "2023.??.??"]
[WhiteTeam "Bordeaux"]
[BlackTeam "Grasse"]
[TimeControl "90+30"]

1. Nf3 {2} c5 {7} 2. g3 {9} Nc6 {92} 3. Bg2 {47} g6 {13} 4. e4 {116} Bg7 {15}
5. Nc3 {26} e5 {422} 6. Nd5 {350} Nge7 {40} 7. Nxe7 {68} Qxe7 {75} 8. c3 {34}
O-O {82} 9. d3 {120} d6 {146} 10. O-O {67} h6 {689} 11. Ne1 {306} Be6 {650} 12.
Nc2 {58} Qd7 {15} 13. Ne3 {265} Ne7 {183} 14. Nd5 {616} Nxd5 {53} 15. exd5 {6}
Bh3 {5} 16. Be3 {95} Bxg2 {55} 17. Kxg2 {8} f5 {103} 18. f4 {90} exf4 {162} 19.
gxf4 {233} Rae8 {85} 20. Bg1 {344} b5 {1056} 21. Qf3 {503} Qb7 {151} 22. Rf2 {
517} g5 {75} 23. fxg5 {130} hxg5 {0} 24. c4 {47} bxc4 {27} 25. dxc4 {10} Re4 {
29} 26. Rc2 {50} g4 {504} 27. Qd3 {151} Qe7 {60} 28. Rf1 {98} f4 {44} 29. b3 {
74} Re8 {370} 30. Rcf2 {250} f3+ {145} 31. Kh1 {285} Qh4 {38} 32. Rd2 {90} Qh3
{202} 0-1